 Dungeon Crawl Stone Soup version 0.29.0-4-gdea44cf6ec (webtiles) character file.

Game seed: 15091516119228408387

73 qw the Sneak (level 4, 0/36 HPs)
             Began as a Ghoul Enchanter on Sept 6, 2022.
             Slain by a jelly (3 damage)
             ... on level 3 of the Dungeon.
             The game lasted 00:01:22 (3085 turns).

qw the Sneak (Ghoul Enchanter)                      Turns: 3085, Time: 00:01:22

Health: 0/36       AC:  2    Str: 11 (13) XL:     4   Next: 27%
Magic:  0/5        EV:  5    Int:  9 (10) God:
Gold:   22         SH:  0    Dex:  9      Spells: 6/6 levels left

rFire   . . .      SeeInvis .   Y - +0 flail
rCold   + . .      Faith    .   (no shield)
rNeg    + + +      Spirit   +   d - +0 chain mail
rPois   inf        Reflect  .   (no helmet)
rElec   .          Harm     .   (no cloak)
rCorr   .          Rampage  .   e - +0 pair of gloves
Will    .....                   g - +0 pair of boots
Stlth   ..........              a - amulet of guardian spirit
HPRegen 0.00/turn               (no ring)
MPRegen 0.09/turn               (no ring)

@: corroded, inhibited regen
A: claws 1, cold resistance 1, negative energy resistance 3, inhibited
regeneration, torment resistance 2, devour on kill
a: no special abilities


You were on level 3 of the Dungeon.
You visited 1 branch of the dungeon, and saw 3 of its levels.

You collected 94 gold pieces.
You spent 72 gold pieces at shops.


Innate Abilities, Weirdness & Mutations

You are immune to poison.
You have sharp fingernails.
Your flesh is cold resistant. (rC+)
You are immune to negative energy. (rN+++)
You do not regenerate when monsters are visible.
You are immune to unholy pain and torment.
You thrive by killing the living.


   Skills:
 - Level 2.2 Fighting
 - Level 0.8 Short Blades
 + Level 2.3 Axes
 - Level 1.0 Armour
 - Level 1.7 Dodging
 - Level 3.2 Stealth
 - Level 1.7 Spellcasting
 - Level 2.4 Hexes


You had 6 spell levels left.
You didn't know any spells.
Your spell library contained the following spells:

 Spells                   Type           Power      Damage    Failure   Level
 Ensorcelled Hibernation  Hex/Ice        4%         N/A       100%        2
 Confusing Touch          Hex            5%         N/A       100%        3
 Dazzling Flash           Conj/Hex       4%         N/A       100%        3
 Tukima's Dance           Hex            5%         N/A       100%        3

Inventory:

Hand Weapons
 Y - a +0 flail (weapon)
Armour
 d - a +0 chain mail (worn)
 e - a +0 pair of gloves (worn)
 g - a +0 pair of boots (worn)
Jewellery
 a - an amulet of guardian spirit (around neck)
Scrolls
 i - 6 scrolls of identify
Potions
 b - 2 potions of flight {unknown}
 c - a potion of attraction {unknown}
 f - a potion of mutation {unknown}
 m - 2 potions of curing

Dungeon Overview and Level Annotations

Branches:
Dungeon (3/15)

Altars:
Trog

Shops:
D:2 [   D:3 [?


Message History

i - 5 scrolls of identify (gained 1) Thank you for shopping at Dyreots's Magic Scroll Emporium!
3033 ||| BUYING scroll of identify (24 gold).
i - 6 scrolls of identify (gained 1) Thank you for shopping at Dyreots's Magic Scroll Emporium!
3033 ||| SHOPLISTING scroll of teleportation (36 gold, have 10).
You can access your shopping list by pressing '$'.
Found a runed glass wand and a potion of degeneration.
Enter note:
Found a stone staircase leading up.
Enter note:
There is a stone staircase leading up here.
Found a flail.
Found a mace.
There is an entrance to Suenofe's Armour Boutique here.
3066 ||| SHOPLISTING +0 plate armour (276 gold, have 10).
You can access your shopping list by pressing '$'.
3066 ||| SHOPLISTING +2 pair of gloves (198 gold, have 10).
You can access your shopping list by pressing '$'.
You see here a +0 mace.
f - a purple potion You now have 22 gold pieces (gained 12).
A jelly comes into view.
You hit the jelly.
Your hands burn!
The jelly is moderately wounded.
The jelly hits you but does no damage.
You hit the jelly.
Your hands burn!
The jelly is moderately wounded.
The jelly hits you but does no damage. The jelly hits you.
The acid corrodes you!
You are splashed with acid.
You hit the jelly but do no damage.
Your hands burn!
You punch the jelly.
The jelly is heavily wounded.
The jelly hits you but does no damage.
You hit the jelly but do no damage. The acid corrodes you!
Your hands burn!
The jelly is heavily wounded.
The jelly hits you.
You are splashed with acid!
You hit the jelly.
Your hands burn!
The jelly is severely wounded.
The jelly hits you.
You are splashed with acid!
The jelly hits you.
You die...

#.. #........
#..##..# ..# #
#.#....##..#.#
#..)..\....#..
#######.##......##
#.......##..##....
#........#..##.#..
#......#.......# .
###@#####).....#
#..J...#.#.#..#
#......#.#.#..#
#....?.#.#.#<.#
######.#.#.#.##
.#.....# ###.###
#!#...# #../..#


You could see a jelly.

Vanquished Creatures
  3 adders
  A dart slug (D:3)
  4 endoplasms
  2 giant cockroaches (D:1)
  2 goblins
  4 hobgoblins
  6 quokkas
  7 ball pythons
  5 bats
  4 frilled lizards
  3 kobolds (D:2)
  3 rats
44 creatures vanquished.

Notes
Turn   | Place    | Note
-------+----------+-------------------------------------------
     0 | D:1      | qw the Ghoul Enchanter began the quest for the Orb.
     0 | D:1      | Reached XP level 1. HP: 14/14 MP: 2/2
     0 | D:1      | 0 ||| qw: Version: 0.1-a-107-g9ff403c
     0 | D:1      | 0 ||| qw: Game counter: 6044
     0 | D:1      | 0 ||| qw: Always use a shield: true
     0 | D:1      | 0 ||| qw: God list: Okawaru
     0 | D:1      | 0 ||| qw: Allow faded altars: false
     0 | D:1      | 0 ||| qw: Do Orc after D:15 true
     0 | D:1      | 0 ||| qw: Do second Lair branch before Depths: true
     0 | D:1      | 0 ||| qw: Lair rune preference: random
     0 | D:1      | 0 ||| qw: Plans: Normal
     0 | D:1      | 0 ||| PLANNING D:1-11
   317 | D:1      | Found a faded altar of an unknown god.
   348 | D:1      | Reached skill level 1 in Axes
   495 | D:1      | 495 ||| Stepping ~*~*~tactically~*~*~ (stealth).
   496 | D:1      | 496 ||| Stepping ~*~*~tactically~*~*~ (stealth).
   501 | D:1      | 501 ||| Stepping ~*~*~tactically~*~*~ (stealth).
   548 | D:1      | Reached XP level 2. HP: 16/22 MP: 3/3
   659 | D:1      | 659 ||| Stepping ~*~*~tactically~*~*~ (stealth).
   661 | D:1      | Reached skill level 1 in Fighting
   705 | D:1      | You fall into a shaft and drop 1 floor!
   946 | D:2      | 946 ||| UPGRADING to +0 ring mail.
   956 | D:2      | 956 ||| DROPPING +0 robe.
   957 | D:2      | 957 ||| UPGRADING to +0 scale mail.
   967 | D:2      | 967 ||| DROPPING +0 ring mail.
   968 | D:2      | 968 ||| UPGRADING to +0 pair of boots.
   973 | D:2      | 973 ||| DROPPING amulet of faith.
   974 | D:2      | 974 ||| READING scroll labelled QAT VIUZANO.
   975 | D:2      | 975 ||| READING 2 scrolls labelled JOYL QAFOEPRUT.
   976 | D:2      | 976 ||| DROPPING 2 potions of invisibility.
  1161 | D:1      | 1161 ||| Stepping ~*~*~tactically~*~*~ (stealth).
  1189 | D:1      | 1189 ||| Stepping ~*~*~tactically~*~*~ (stealth).
  1198 | D:1      | 1198 ||| SWAPPING to +2 dagger of electrocution.
  1199 | D:1      | 1199 ||| DROPPING +1 dagger.
  1207 | D:1      | 1207 ||| Stepping ~*~*~tactically~*~*~ (stealth).
  1214 | D:1      | 1214 ||| Stepping ~*~*~tactically~*~*~ (outnumbered).
  1216 | D:1      | 1216 ||| Stepping ~*~*~tactically~*~*~ (outnumbered).
  1217 | D:1      | 1217 ||| Stepping ~*~*~tactically~*~*~ (outnumbered).
  1254 | D:1      | 1254 ||| SWAPPING to +0 flail.
  1255 | D:1      | 1255 ||| DROPPING +2 dagger of electrocution.
  1350 | D:1      | Reached XP level 3. HP: 21/28 MP: 4/4
  1572 | D:1      | 1572 ||| UPGRADING to +0 chain mail.
  1582 | D:1      | 1582 ||| DROPPING +0 scale mail.
  1583 | D:1      | 1583 ||| READING scroll labelled OCE WOOMAE.
  1584 | D:1      | 1584 ||| READING scroll labelled AKIXYL PEOKU.
  1585 | D:1      | 1585 ||| READING scroll labelled KUAPHU LEULO.
  1586 | D:1      | 1586 ||| READING scroll labelled LEKHLE RUEMU.
  1591 | D:1      | 1591 ||| DRINKING 2 coppery potions.
  1592 | D:1      | 1592 ||| DRINKING 2 fuming orange potions.
  1593 | D:1      | 1593 ||| DROPPING potion of degeneration.
  2013 | D:2      | Reached skill level 1 in Armour
  2047 | D:2      | Found Hiefur's Armour Shoppe.
  2052 | D:2      | 2052 ||| SHOPLISTING +0 crystal plate armour "Zeesch" {rF+
                  | rN+ MP+9 Dex-5} (1464 gold, have 60).
  2052 | D:2      | 2052 ||| SHOPLISTING +1 ring mail of the Arena {rElec rF+
                  | rC- Int+4} (439 gold, have 60).
  2052 | D:2      | 2052 ||| SHOPLISTING +1 scale mail "Qorphaeshro" {Fly rElec
                  | Str+3} (439 gold, have 60).
  2231 | D:2      | Found a bloodstained altar of Trog.
  2621 | D:2      | 2621 ||| UPGRADING to +0 pair of gloves.
  2626 | D:2      | 2626 ||| UPGRADING to amulet of guardian spirit.
  2631 | D:2      | 2631 ||| DROPPING ring of flight.
  2632 | D:2      | 2632 ||| READING 4 scrolls of identify.
  2632 | D:2      | 2632 ||| IDENTIFYING sedimented ruby potion
  2633 | D:2      | 2633 ||| READING 3 scrolls of identify.
  2633 | D:2      | 2633 ||| IDENTIFYING blue potion
  2634 | D:2      | 2634 ||| DROPPING potion of magic.
  2654 | D:3      | 2654 ||| Stepping ~*~*~tactically~*~*~ (hiding).
  2656 | D:3      | 2656 ||| Stepping ~*~*~tactically~*~*~ (hiding).
  2791 | D:3      | HP: 6/29 [adder (2)]
  2792 | D:3      | 2792 ||| DRINKING potion of heal wounds.
  2801 | D:3      | Reached XP level 4. HP: 23/36 MP: 2/5
  2924 | D:3      | 2924 ||| Stepping ~*~*~tactically~*~*~ (outnumbered).
  3027 | D:3      | Found Dyreots's Magic Scroll Emporium.
  3033 | D:3      | 3033 ||| BUYING scroll of identify (24 gold).
  3033 | D:3      | Bought a scroll of identify for 24 gold pieces
  3033 | D:3      | 3033 ||| BUYING scroll of identify (24 gold).
  3033 | D:3      | Bought a scroll of identify for 24 gold pieces
  3033 | D:3      | 3033 ||| BUYING scroll of identify (24 gold).
  3033 | D:3      | Bought a scroll of identify for 24 gold pieces
  3033 | D:3      | 3033 ||| SHOPLISTING scroll of teleportation (36 gold, have
                  | 10).
  3058 | D:3      | Found Suenofe's Armour Boutique.
  3066 | D:3      | 3066 ||| SHOPLISTING +0 plate armour (276 gold, have 10).
  3066 | D:3      | 3066 ||| SHOPLISTING +2 pair of gloves (198 gold, have 10).
  3085 | D:3      | HP: 3/36 [acid (10)]
  3085 | D:3      | Slain by a jelly

Levels and vault maps discovered:
D:1:      wheals_arrival_linesprint, layout_basic, basic_ecumenical_altar,
          grunt_decor_arrowhead
D:2:      layout_loops_ring, serial_shops, nicolae_shop_trees, basic_altar
D:3:      layout_basic, serial_shops, nicolae_square_shop, shop

Skill      XL: |  1  2  3 |
---------------+----------+-----
Axes           | 1 2 |  2.3
Fighting       | 1 2 |  2.2
Armour         | 1 |  1.0
Short Blades   | |  0.8
Dodging        | |  1.7
Stealth        | |  3.2
Spellcasting   | |  1.7
Hexes          | |  2.4

Action                   |  1- 3 |  4- 6 || total
-------------------------+-------+-------++-------
Melee: Dagger            |   146 |       ||   146
       Punch             |     3 |     1 ||     4
       Flail             |   102 |    31 ||   133
  Use: Scroll            |     8 |       ||     8
       Potion            |     3 |       ||     3
Armor: Robe              |    18 |       ||    18
       Scale mail        |    28 |       ||    28
       Chain mail        |    73 |    29 ||   102
Dodge: Dodged            |   126 |    14 ||   140

Table legend:
 A = Non-vault XP
 B = Vault XP
 C = Vault XP percentage of total XP
 D = Non-vault monster count
 E = Vault monster count
 F = Vault count percentage of total count
                 A         B        C        D         E       F
            +---------+---------+-------+---------+---------+-------
      Total |     105 |       0 |   0.0 |      44 |       0 |   0.0
            +---------+---------+-------+---------+---------+-------
        D:1 |      29 |       0 |   0.0 |      18 |       0 |   0.0
        D:2 |      38 |       0 |   0.0 |      18 |       0 |   0.0
        D:3 |      38 |       0 |   0.0 |       8 |       0 |   0.0
            +---------+---------+-------+---------+---------+-------
